 Dungeon Crawl Stone Soup version 0.28.0-47-ge53b351184 (webtiles) character file.

Game seed: 10746779615192151146

914 safid the Cleaver (level 8, 0/66 HPs)
             Began as a Hill Orc Fighter on Apr 22, 2022.
             Was an Initiate of Beogh.
             Slain by a hornet (4 damage)
             ... on level 7 of the Dungeon on Apr 25, 2022.
             The game lasted 00:12:56 (6890 turns).

safid the Cleaver (Hill Orc Fighter)                Turns: 6890, Time: 00:12:56

Health: 0/66       AC:  7    Str: 20 (21) XL:     8   Next: 9%
Magic:  8/8        EV:  8    Int:  5 (8)  God:    Beogh [......]
Gold:   254        SH:  8    Dex:  9 (10) Spells: 7/7 levels left

rFire   + . .      SeeInvis .   a - +0 war axe
rCold   . . .      Faith    .   f - +0 kite shield
rNeg    . . .      Spirit   .   b - +0 scale mail
rPois   .          Reflect  .   (no helmet)
rElec   .          Harm     .   (no cloak)
rCorr   .          Rampage  .   (no gloves)
Will    .....                   (no boots)
Stlth   ..........              (no amulet)
HPRegen 0.21/turn               r - ring of protection from fire
MPRegen 0.11/turn               (no ring)

@: lethally poisoned (0 -> -8)
A: no striking features
a: Renounce Religion


You were on level 7 of the Dungeon.
You worshipped Beogh.
Beogh was noncommittal.
You visited 1 branch of the dungeon, and saw 7 of its levels.

You collected 254 gold pieces.

Inventory:

Hand Weapons
 a - a +0 war axe (weapon)
 p - the +2 great sword "Puhep" {flame, Fragile rN+ Str+5}
   (You found it on level 3 of the Dungeon)

   It burns those it strikes, dealing additional fire damage.
   Big, fiery blades are also staple armaments of hydra-hunters.
   Str:       It affects your strength (+5).
   rN:        It protects you from negative energy.
   Fragile:   It will be destroyed if unequipped.
Missiles
 q - a poisoned dart (quivered)
Armour
 b - a +0 scale mail (worn)
 f - a +0 kite shield (worn)
Jewellery
 c - a ring of see invisible
 r - a ring of protection from fire (left hand)
 u - an amulet of guardian spirit
Wands
 s - a wand of flame (13)
Scrolls
 g - 2 scrolls of silence
 i - 4 scrolls of torment
 j - 2 scrolls of magic mapping
 k - a scroll of immolation {unknown}
 m - a scroll of teleportation {unknown}
Potions
 d - a potion of might
 e - a potion of curing {unknown}
 h - a potion of heal wounds {unknown}
 l - 2 potions of magic
 n - a potion of lignification {unknown}
 o - a potion of degeneration
 t - a potion of attraction {unknown}
 v - a potion of cancellation


   Skills:
 - Level 4.0 Fighting
 + Level 11.2 Axes
 - Level 4.0 Armour
 - Level 4.0 Shields


You had 7 spell levels left.
You didn't know any spells.
Your spell library contained the following spells:

 Spells                   Type           Power      Damage    Failure   Level
 Beastly Appendage        Tmut           0%         N/A       99%         1
 Slow                     Hex            0%         N/A       99%         1
 Wereblood                Tmut           0%         N/A       100%        2
 Confusing Touch          Hex            0%         N/A       100%        3
 Spider Form              Tmut/Pois      0%         N/A       100%        3
 Vampiric Draining        Necr           0%         2d6       100%        3
 Summon Forest            Summ/Tloc      0%         N/A       100%        5
 Summon Mana Viper        Hex/Summ       0%         N/A       100%        5
 Summon Cactus Giant      Summ           0%         N/A       100%        6


Dungeon Overview and Level Annotations

Branches:
Dungeon (7/15)
 Temple: D:4-7

Altars:
Qazlal


Message History

You barely miss the hornet.
The hornet is moderately wounded.
You feel very sick. You block the hornet's attack. x2
The hornet stings you but does no damage.
Unknown command.
Okay, then.
Press: ? - help, . - travel You can't see that place. [the floor.] Unknown command.
Unknown command.
Unknown command.
Aiming: Throw Flame
Press: ? - help, Shift-Dir - straight line, f/p - hornet
Aim: a hornet (moderately wounded, 52% to hit)
The puff of flame hits the hornet.
The hornet is moderately wounded.
You feel very sick. The hornet stings you!
* * * LOW HITPOINT WARNING * * *
You are lethally poisoned!
You feel as though you will be slow longer.
You block the hornet's attack.
It was a potion of degeneration.
There was something very wrong with that liquid.
You feel weakened.
You feel dopey.
You feel clumsy.
* * * LOW HITPOINT WARNING * * *
You feel very sick. The hornet barely misses you.
The hornet stings you but does no damage.
It was a potion of cancellation.
Your magical effects are unravelling.
You feel magically purged.
You feel yourself speed up.
* * * LOW HITPOINT WARNING * * *
You feel very sick. The hornet barely misses you.
You block the hornet's attack. The hornet stings you.
You die...

...+.........+
####.........# #
##.......##
##.....####
##.......#
##..###.# #..# #.#
##..###.#######.#≈
#.........@y(.(.(.
##....##.#########.
#........#
.######....##.#
.......>...##.#
#######..####.#
#..# #.# #..####.#
#.......#


You could see a hornet.

Vanquished Creatures
  A sky beast (D:7)
  A black bear (D:5)
  A phantom (D:5)
  2 scorpions
  A water moccasin skeleton (D:6)
  A bullfrog zombie (D:4)
  4 jellies
  2 hounds (D:7)
  3 iguanas
  A scorpion zombie (D:5)
  An orc wizard (D:6)
  A hound skeleton (D:4)
  3 adders
  A howler monkey skeleton (D:6)
  An ufetubus (D:6)
  A worm (D:3)
  4 dart slugs
  13 orcs
  7 bats
  5 endoplasms
  10 giant cockroaches
  6 goblins
  4 hobgoblins
  5 jackals
  3 kobolds
  4 quokkas (D:1)
  5 ball pythons
  2 frilled lizards
  5 rats
98 creatures vanquished.

Vanquished Creatures (others)
  An orc (D:6)
  A plant (D:2)
2 creatures vanquished.

Grand Total: 100 creatures vanquished

Notes
Turn   | Place    | Note
-------+----------+-------------------------------------------
     0 | D:1      | safid the Hill Orc Fighter began the quest for the Orb.
     0 | D:1      | Reached XP level 1. HP: 19/19 MP: 1/1
   639 | D:1      | Reached XP level 2. HP: 27/27 MP: 2/2
   648 | D:1      | Reached skill level 3 in Axes
   859 | D:1      | Reached XP level 3. HP: 33/33 MP: 3/3
  1642 | D:2      | Found a faded altar of an unknown god.
  1712 | D:3      | Reached XP level 4. HP: 17/40 MP: 4/4
  1929 | D:3      | Reached skill level 4 in Axes
  2668 | D:3      | Identified the +2 great sword "Puhep" {flame, Fragile rN+
                  | Str+5}
  3422 | D:4      | Reached skill level 5 in Axes
  3422 | D:4      | Reached XP level 5. HP: 39/46 MP: 5/5
  3615 | D:4      | Reached skill level 6 in Axes
  3956 | D:5      | Entered Level 5 of the Dungeon
  3976 | D:5      | Reached skill level 7 in Axes
  3976 | D:5      | Reached XP level 6. HP: 41/52 MP: 6/6
  4072 | D:5      | Noticed a black bear
  4092 | D:5      | Killed a black bear
  4104 | D:5      | Reached skill level 8 in Axes
  4182 | D:5      | Upgraded the game from 0.28.0-45-g0d030f2227 to
                  | 0.28.0-47-ge53b351184
  4264 | D:5      | Found a stormy altar of Qazlal.
  4331 | D:5      | Reached XP level 7. HP: 15/59 MP: 7/7
  5195 | D:6      | Reached skill level 9 in Axes
  5310 | D:6      | Became a worshipper of Beogh the Brigand
  5677 | D:6      | Reached skill level 10 in Axes
  6710 | D:7      | Reached XP level 8. HP: 66/66 MP: 8/8
  6745 | D:7      | Reached skill level 11 in Axes
  6880 | D:7      | Noticed a hornet
  6885 | D:7      | Paralysed by a hornet for 1 turns
  6890 | D:7      | Slain by a hornet

Illustrated notes

Levels and vault maps discovered:
D:1:      dpeg_arrival_pits, layout_basic, minmay_small_reverse_x
D:2:      layout_loops_ring, chequers_ecumenical_altar_lobes
D:3:      layout_basic
D:4:      layout_cave_pools
D:5:      layout_cave_pools, kennysheep_mini, minmay_temple_entry_from_below_a
D:6:      layout_layer_cave
D:7:      layout_loops_corners, serial_rivers, chequers_serial_rivers_small_3,
          chequers_serial_rivers_marsh, chequers_serial_rivers_micro_d,
          chequers_serial_rivers_marsh, chequers_serial_rivers_marsh,
          chequers_serial_rivers_micro_c, amethyst_killhole,
          minmay_misc_feat_rugged

Skill      XL: |  1  2  3  4  5  6  7  8 |
---------------+-------------------------+-----
Axes           | 3 5 7 8 10 11 | 11.2
Fighting       | 4 |  4.0
Armour         | 4 |  4.0
Shields        | 4 |  4.0

Action                   |  1- 3 |  4- 6 |  7- 9 || total
-------------------------+-------+-------+-------++-------
Melee: War axe           |   125 |   146 |    98 ||   369
Throw: Dart              |       |     1 |     7 ||     8
Invok: Convert to Beogh  |       |       |     1 ||     1
Evoke: Wand              |       |       |     1 ||     1
  Use: Scroll            |       |       |     5 ||     5
       Potion            |       |       |     2 ||     2
Armor: Scale mail        |    70 |    57 |    48 ||   175
Dodge: Dodged            |    79 |    67 |    22 ||   168
Block: Buckler           |    21 |    30 |     1 ||    52
       Kite shield       |       |       |    23 ||    23
